 Dungeon Crawl Stone Soup version 0.29-a0-23-ga79f92ac9c (webtiles) character file.

Game seed: 4063836868114221822

90 HallandMoats the Skirmisher (level 4, 0/40 HPs)
             Began as a Ghoul Monk on Jan 30, 2022.
             Was a Priest of Makhleb.
             Engulfed by a steam dragon's steam (1 damage)
             ... on level 3 of the Dungeon.
             The game lasted 00:02:43 (2596 turns).

HallandMoats the Skirmisher (Ghoul Monk)            Turns: 2596, Time: 00:02:43

Health: 0/40       AC:  6    Str: 16    XL:     4   Next: 56%
Magic:  4/4        EV: 10    Int:  5    God:    Makhleb [***...]
Gold:   53         SH:  0    Dex: 11    Spells: 3/3 levels left

rFire   . . .      SeeInvis .     - Unarmed
rCold   + . .      Faith    .   (no shield)
rNeg    + + +      Spirit   .   h - +0 scale mail
rPois   ∞          Reflect  .   (no helmet)
rElec   .          Harm     .   (no cloak)
rCorr   .          Rampage  .   (no gloves)
Will    .....                   (no boots)
Stlth   ..........              (no amulet)
HPRegen 0.00/turn               (no ring)
MPRegen 0.09/turn               (no ring)

@: attractive, inhibited regen
A: claws 1, cold resistance 1, negative energy resistance 3, inhibited
regeneration, torment resistance 2
a: Renounce Religion, Minor Destruction, Lesser Servant of Makhleb


You were on level 3 of the Dungeon.
You worshipped Makhleb.
Makhleb was most pleased with you.
You visited 1 branch of the dungeon, and saw 3 of its levels.

You collected 53 gold pieces.

Inventory:

Armour
 h - a +0 scale mail (worn)
Scrolls
 b - a scroll of teleportation {unknown}
 f - a scroll of magic mapping {unknown}
 g - 2 scrolls of identify {unknown}
 i - a scroll of enchant armour {unknown}
 k - a scroll of enchant weapon {unknown}
Potions
 a - a potion of resistance {unknown}
 c - a potion of haste {unknown}
 d - a potion of attraction
 e - a potion of might {unknown}
 j - a potion of curing {unknown}


   Skills:
 + Level 3.7 Fighting
 * Level 1.7 Polearms
 + Level 1.0 Armour
 + Level 3.0 Dodging
 - Level 2.1 Stealth
 + Level 3.5 Unarmed Combat
 * Level 1.8 Invocations


You had 3 spell levels left.
You didn't know any spells.
Your spell library contained the following spells:

 Spells                   Type           Power      Damage    Failure   Level
 Magic Dart               Conj           0%         1d3       89%         1
 Call Imp                 Summ           0%         N/A       96%         2
 Mephitic Cloud           Conj/Pois/Air  0%         N/A       99%         3
 Petrify                  Tmut/Erth      0%         N/A       100%        4
 Irradiate                Conj/Tmut      0%         3d13      100%        5
 Sublimation of Blood     Necr           Unusable   N/A       N/A         2

Dungeon Overview and Level Annotations

Branches:
Dungeon (3/15)

Altars:
Ashenzari
Makhleb

Shops:
D:2 (


Innate Abilities, Weirdness & Mutations

You thrive by killing the living.
You are immune to poison.
You have sharp fingernails.
Your flesh is cold resistant. (rC+)
You are immune to negative energy. (rN+++)
You do not regenerate when monsters are visible.
You are immune to unholy pain and torment.


Message History

You hear a shout!
A steam dragon comes into view.
The steam dragon hisses angrily.
A kobold comes into view. It is wielding a +0 short sword.
The steam dragon moves out of view.
A kobold is nearby!
A kobold is nearby!
A kobold is nearby!
A kobold is nearby!
A kobold is nearby!
The kobold shouts!
The steam dragon breathes steam at you. The ball of steam hits you!!
The kobold is engulfed in a cloud of scalding steam.
The kobold dies!
The steam dragon closely misses you.
The steam dragon claws you but does no damage.
You closely miss the steam dragon. You claw the steam dragon!
The steam dragon is moderately wounded.
The steam dragon barely misses you. x2
You barely miss the steam dragon.
The steam dragon is moderately wounded.
The steam dragon misses you. The steam dragon closely misses you.
You barely miss the steam dragon.
The steam dragon is moderately wounded.
The steam dragon breathes steam at you. The ball of steam hits you!
* * * LOW HITPOINT WARNING * * *
You are too injured to fight recklessly!
You are too injured to fight recklessly!
You are too injured to fight recklessly!
A demon appears!
You are engulfed in a cloud of scalding steam.
* * * LOW HITPOINT WARNING * * *
The steam dragon bites you but does no damage.
The steam dragon claws you but does no damage.
It was a potion of attraction.
You feel attractive to monsters.
You are engulfed in a cloud of scalding steam.
You die...

#....)..≈≈.##.#
#####...≈≈.#g.#
#...≈≈.##.#
#.#.≈≈..#.# ### .
#####.#.≈≈###.#
... ..
...#.#.≈≈#.... ##
...###.#.#.≈≈#8.##
# #...D..#.≈≈#..#
# #...)@...≈≈### #
#.....§§§≈≈≈≈≈≈≈ #
#..3.§§[§≈≈≈≈≈≈≈ #
####.##.§....... #
#. #.§....... # #.
########## # #. #
#. # ..


You could see a steam dragon (catching breath, ally target) and a friendly
ynoxinul (summoned).

Vanquished Creatures
  2 adders (D:2)
  A worm (D:2)
  2 dart slugs (D:1)
  8 bats
  An endoplasm (D:3)
  3 giant cockroaches
  5 goblins
  8 hobgoblins
  7 jackals (D:2)
  5 kobolds
  5 quokkas
  3 ball pythons (D:1)
  A frilled lizard (D:2)
  4 rats
55 creatures vanquished.

Vanquished Creatures (others)
  A kobold (D:3)
  6 plants
7 creatures vanquished.

Grand Total: 62 creatures vanquished

Notes
Turn   | Place    | Note
-------+----------+-------------------------------------------
     0 | D:1      | HallandMoats the Ghoul Monk began the quest for the Orb.
     0 | D:1      | Reached XP level 1. HP: 19/19 MP: 0/0
   371 | D:1      | Reached XP level 2. HP: 25/26 MP: 1/1
   682 | D:1      | Reached skill level 1 in Polearms
   875 | D:1      | Reached skill level 1 in Invocations
   985 | D:1      | Reached XP level 3. HP: 30/31 MP: 2/2
  1103 | D:1      | Found a faded altar of an unknown god.
  1303 | D:1      | Prayed at the altar of an unknown god.
  1303 | D:1      | Became a worshipper of Makhleb the Destroyer
  1303 | D:1      | Reached * piety under Makhleb
  1303 | D:1      | Reached ** piety under Makhleb
  1597 | D:2      | Reached *** piety under Makhleb
  1703 | D:2      | Found Plog's Weapon Boutique.
  1739 | D:2      | Reached skill level 1 in Armour
  1873 | D:2      | Reached XP level 4. HP: 39/39 MP: 4/4
  2413 | D:3      | Found a broken altar of Ashenzari.
  2587 | D:3      | Noticed a steam dragon
  2595 | D:3      | HP: 1/40 [steam dragon] (7)]
  2596 | D:3      | Engulfed by a steam dragon's steam

Illustrated notes

Levels and vault maps discovered:
D:1:      minmay_arrival_radiant_lines, layout_loops_cross,
          dilly_ecumenical_altar_fadedgnrine, minmay_fountain_box
D:2:      layout_basic, serial_shops, nicolae_shop_bloodbath_and_beyond
D:3:      minmay_octagon_keep, layout_basic, ashenzari_conservatory_becter,
          gammafunk_ghost_gnarly_gnolls

Skill      XL: |  1  2  3  4 |
---------------+-------------+-----
Polearms       | 1 |  1.7
Invocations    | 1 |  1.8
Armour         | 1 |  1.0
Dodging        | 3 |  3.0
Fighting       | |  3.7
Stealth        | |  2.1
Unarmed Combat | |  3.5

Action                   |  1- 3 |  4- 6 || total
-------------------------+-------+-------++-------
Melee: Unarmed           |   138 |    70 ||   208
       Punch             |     3 |     2 ||     5
Invok: Lesser Servant of |       |     1 ||     1
  Use: Potion            |       |     1 ||     1
 Stab: Sleeping          |     5 |       ||     5
       Distracted        |     1 |       ||     1
Armor: Robe              |    10 |       ||    10
       Scale mail        |    10 |    36 ||    46
Dodge: Dodged            |    74 |    53 ||   127

Table legend: (Time is in decaauts)
 A = Elapsed time spent in this place.
 B = Non-inter-level travel time spent in this place.
 C = Inter-level travel time spent in this place.
 D = Time resting spent in this place.
 E = Time spent auto-exploring this place.
 F = Levels seen in this place.
 G = Mean time per level.
                   A        B        C        D        E       F      G
               +--------+--------+--------+--------+--------+-----+--------+
         Total |   2582 |   2457 |    125 |      0 |   2031 |   3 |  860.7 |
       Dungeon |   2582 |   2457 |    125 |      0 |   2031 |   3 |  860.7 |
               +--------+--------+--------+--------+--------+-----+--------+

Top non-repeatable levels by time:
     D:1: 1351 daAuts
     D:2: 842 daAuts
     D:3: 389 daAuts
